AoeStats
← [POKR]Benzunum

Black Forest

510466219Analyzed
3v3 RM · 17h ago on Oct 1, 2026· 40m 28s· 6 players
Game mode
Random Map
Map size
Normal (6 player)
Population
200
Speed
Normal
Resources
Standard
Victory
Conquest
Starting age
Dark Age
Ending age
Imperial Age
RankedLock teamsTeams togetherTeam positionsShared explorationLock speedFull tech treeHidden civsTurbo modeCheats
Victory
Defeat
🇨🇴 Saracens · Colombia
1232
+15
🇨🇴 Shu · Colombia
1230
+15
🇨🇴 Turks · Colombia
1206
+17
🇵🇪 Lithuanians · Peru
1238
-16
🇵🇪 Mongols · Peru
1214
-16
🇵🇪 Bohemians · Peru
1194
-15
Jolman
2:07 Loom
12:38 Feudal Age
16:35 Town Watch
16:59 Fletching
wh_halcon
1:41 Loom
11:32 Feudal Age
14:17 Bloodlines
17:13 Castle Age
15:35 Bloodlines
15:08 Horse Collar
15:18 Double-Bit Axe
18:14 Scale Barding Armor
24:08 Forging
26:56 Iron Casting
28:16 Gold Mining
29:48 Bow Saw
30:58 Chain Barding Armor
30:41 Husbandry
32:06 Heavy Plow
37:05 Imperial Age
36:33 Wheelbarrow
35:43 Town Watch
37:59 Cavalier
39:31 Plate Barding Armor
ricardoage08
11:32 Feudal Age
15:17 Castle Age
13:45 Double-Bit Axe
15:14 Horse Collar
17:33 Fletching
22:35 Scale Mail Armor
24:38 Wheelbarrow
26:19 Stone Mining
26:19 Gold Mining
30:13 Chain Mail Armor
30:09 Forging
30:40 Bow Saw
33:50 Imperial Age
31:06 Loom
31:44 Husbandry
32:42 Gold Shaft Mining
33:18 Iron Casting
32:17 Pikeman
32:58 Squires
33:06 Light Cavalry
33:56 Bloodlines
35:09 Plate Mail Armor
34:45 Scale Barding Armor
35:41 Blast Furnace
34:59 Heavy Plow
35:26 Hussar
37:00 Conscription
38:30 Onager
[POKR]Benzunum
1:31 Loom
10:27 Feudal Age
16:44 Castle Age
14:55 Double-Bit Axe
15:39 Stone Mining
15:59 Horse Collar
18:41 Bow Saw
21:55 Heavy Plow
25:04 Wheelbarrow
31:15 Imperial Age
30:14 Padded Archer Armor
30:04 Town Watch
30:35 Hand Cart
31:19 Leather Archer Armor
31:36 Scale Barding Armor
31:57 Forging
32:18 Artillery
32:40 Conscription
32:54 Ring Archer Armor
32:59 Town Patrol
33:44 Chain Barding Armor
33:48 Gold Mining
35:49 Iron Casting
37:11 Two-Man Saw
35:40 Elite Janissary
36:56 Bloodlines
36:47 Husbandry
38:07 Plate Barding Armor
41:06 Blast Furnace
40:55 Fletching
Splattcol
7:12 Loom
9:28 Feudal Age
10:14 Double-Bit Axe
13:00 Fletching
20:13 Padded Archer Armor
20:53 Wheelbarrow
24:18 Castle Age
24:29 Crossbowman
25:05 Bodkin Arrow
25:19 Gold Mining
27:02 Bow Saw
28:29 Leather Archer Armor
29:00 Thumb Ring
32:38 Hand Cart
40:28 Imperial Age
39:37 Ballistics
39:26 Town Watch
Tizon
11:25 Feudal Age
12:49 Loom
14:18 Forging
16:29 Castle Age
15:01 Scale Barding Armor
17:40 Double-Bit Axe
19:36 Bow Saw
22:26 Horse Collar
23:52 Stone Mining
25:23 Gold Mining
27:13 Wheelbarrow
28:56 Hand Cart
29:13 Fletching
29:46 Chain Barding Armor
30:14 Heavy Plow
33:53 Imperial Age
35:22 Gold Shaft Mining
35:53 Conscription
37:14 Bodkin Arrow
37:57 Plate Barding Armor
39:26 Iron Casting
38:54 Bracer
39:37 Ballistics
40:18 Chemistry
39:31 Masonry
40:07 Elite Mameluke
Connection lost

Rejoining the realm…

Still unreachable

The connection could not be restored.

Session expired

The server has moved on; the page needs a fresh start.